 Dungeon Crawl Stone Soup version 0.27-a0-1202-ge72e49191c (webtiles) character file.

Game seed: 16307930916056794031

93 bande the Covered (level 4, -1/29 HPs)
             Began as a Gargoyle Fighter on June 4, 2021.
             Slain by a hound (3 damage)
             ... on level 4 of the Dungeon.
             The game lasted 00:02:37 (1644 turns).

bande the Covered (Gargoyle Fighter)                Turns: 1644, Time: 00:02:38

Health: -1/29      AC: 13    Str: 21    XL:     4   Next: 62%
Magic:  4/4        EV:  5    Int:  8    God:
Gold:   49         SH:  9    Dex: 11    Spells: 3/3 levels left

rFire    . . .     SeeInvis .   a - +0 war axe
rCold    . . .     Faith    .   c - +0 kite shield
rNeg     + . .     Spirit   .   f - +0 chain mail
rPois    ∞         Reflect  .   (no helmet)
rElec    +         Harm     .   (no cloak)
rCorr    .         Rampage  .   (no gloves)
Will     .....                  (no boots)
Stlth    ..........             (no amulet)
HPRegen  0.09/turn              (no ring)
MPRegen  0.09/turn              (no ring)

@: no status effects
A: sickness immunity, AC +3, negative energy resistance 1, electricity
resistance, torment resistance 1, petrification resistance, agile 1
a: no special abilities


You were on level 4 of the Dungeon.
You visited 1 branch of the dungeon, and saw 3 of its levels.

You collected 59 gold pieces.
You spent 10 gold pieces at shops.

Inventory:

Hand Weapons
 a - a +0 war axe (weapon)
Armour
 c - a +0 kite shield (worn)
 f - a +0 chain mail (worn)
Jewellery
 e - a ring of wizardry
Scrolls
 i - a scroll of enchant armour {unknown}
Potions
 d - a potion of might
 h - a potion of brilliance


   Skills:
 + Level 3.6 Fighting
 + Level 2.7 Axes
 + Level 4.1 Armour
 + Level 0.7 Dodging
 + Level 3.8 Shields


You had 3 spell levels left.
You didn't know any spells.
Your spell library was empty.

Dungeon Overview and Level Annotations

Branches:
Dungeon (2/15)

Altars:

Shops:
D:2 !


Innate Abilities, Weirdness & Mutations

You are immune to sickness and miasma.
Your stone body is resilient. (AC +3)
You are immune to poison.
You resist negative energy. (rN+)
You are resistant to electric shocks. (rElec)
You are resistant to unholy torment.
You are immune to petrification.
You are agile. (Dex +2)


Message History

The orc wizard is almost dead.
The orc wizard hits you with a +0 dagger.
The orc wizard hits you but does no damage.
You hit the orc wizard.
The orc wizard is almost dead.
The orc wizard points at you and mumbles some strange words.
You are confused.
The orc wizard hits you with a +0 dagger.
You bump into the metal wall.
The orc wizard hits you but does no damage.
You barely miss the orc wizard.
The orc wizard is almost dead.
The orc wizard hits you with a +0 dagger.
The hound stops to sniff the ground.
You bump into the metal wall.
The orc wizard hits you but does no damage.
You miss the orc wizard.
The orc wizard is almost dead.
The orc wizard barely misses you.
The orc wizard hits you but does no damage.
You bump into the metal wall.
The orc wizard hits you but does no damage.
You bump into the metal wall.
You feel less confused. The orc wizard casts a spell at you.
The magic dart hits you!
* * * LOW HITPOINT WARNING * * *
You hit the orc wizard.
You kill the orc wizard!
You slash the orc!
You kill the orc!
The hound bites you but does no damage.
You hit the hound.
The hound is heavily wounded.
The hound bites you but does no damage. x2; The hound bites you.
* * * LOW HITPOINT WARNING * * *
You closely miss the hound.
The hound is heavily wounded.
The hound bites you.
You die...

#.# .# #.# ###########.
.# #.# #..@h)...... .#
#.# #.########## ## .#
#.# #.########## .##.#
#.# #.#......... ....#
#.# #...........
...#####.#######.#######.
.................#
...#.#.#.######..#
...#.#.#.######..#


You could see a hound.

Vanquished Creatures
  2 orc wizards (D:4)
  An adder (D:2)
  2 worms
  2 orcs (D:4)
  2 ball pythons
  5 bats
  2 endoplasms
  A giant cockroach (D:1)
  2 goblins
  A hobgoblin (D:1)
  3 quokkas (D:1)
  A frilled lizard (D:2)
  2 kobolds (D:1)
  3 rats (D:1)
29 creatures vanquished.

Notes
Turn   | Place    | Note
-------+----------+-------------------------------------------
     0 | D:1      | bande the Gargoyle Fighter began the quest for the Orb.
     0 | D:1      | Reached XP level 1. HP: 14/14 MP: 1/1
    33 | D:1      | Reached XP level 2. HP: 13/19 MP: 2/2
   459 | D:1      | Gained mutation: You are agile. (Dex +2) [potion of
                  | mutation]
  1089 | D:2      | Reached XP level 3. HP: 22/23 MP: 3/3
  1350 | D:2      | Found Patihesi's Distillery.
  1356 | D:2      | Bought a potion of degeneration for 10 gold pieces
  1399 | D:2      | You fall into a shaft and drop 2 floors!
  1620 | D:4      | Reached skill level 4 in Armour
  1620 | D:4      | Reached XP level 4. HP: 22/28 MP: 4/4
  1644 | D:4      | Slain by a hound

Illustrated notes

Levels and vault maps discovered:
D:1:      ncdulo_wetmaze, layout_basic
D:2:      layout_loops_ring, serial_shops, shop, kennysheep_generic_room_9
D:4:      layout_loops_ring

Skill      XL: |  1  2  3 |
---------------+----------+-----
Axes           | 2 |  2.7
Armour         | 4 |  4.1
Fighting       | |  3.6
Dodging        | |  0.7
Shields        | |  3.8

Action                   |  1- 3 |  4- 6 || total
-------------------------+-------+-------++-------
Melee: War axe           |   102 |    17 ||   119
  Use: Scroll            |     3 |       ||     3
       Potion            |     3 |       ||     3
Armor: Scale mail        |    60 |       ||    60
       Chain mail        |    10 |    18 ||    28
       Skin              |     2 |       ||     2
Dodge: Dodged            |    39 |     1 ||    40
Block: Kite shield       |    58 |     2 ||    60

Table legend: (Time is in decaauts)
 A = Elapsed time spent in this place.
 B = Non-inter-level travel time spent in this place.
 C = Inter-level travel time spent in this place.
 D = Time resting spent in this place.
 E = Time spent auto-exploring this place.
 F = Levels seen in this place.
 G = Mean time per level.
                   A        B        C        D        E       F      G
               +--------+--------+--------+--------+--------+-----+--------+
         Total |   1725 |   1725 |      0 |    371 |   1005 |   3 |  575.0 |
       Dungeon |   1725 |   1725 |      0 |    371 |   1005 |   3 |  575.0 |
               +--------+--------+--------+--------+--------+-----+--------+

Top non-repeatable levels by time:
     D:1: 1126 daAuts
     D:2: 335 daAuts
     D:4: 263 daAuts
